 Dungeon Crawl Stone Soup version 0.31-a0-1066-g35875b34c7 (webtiles) character file.

Game seed: 15521267102985357774

712 Malachi the Skirmisher (level 7, 0/55 HPs)
             Began as a Demonspawn Hunter on Nov 22, 2023.
             Slain by a kobold brigand
             ... wielding a +0 short sword
              (6 damage)
             ... in a sewer.
             The game lasted 00:04:11 (3670 turns).

Malachi the Skirmisher (Demonspawn Hunter)          Turns: 3670, Time: 00:04:13

Health: 0/55       AC:  5    Str:  9 (11) XL:     7   Next: 41%
Magic:  7/7        EV: 11    Int:  8 (11) God:
Gold:   298        SH:  0    Dex: 16 (18) Spells: 6/6 levels left

rFire   . . .        a - +1 shortbow
rCold   . . .        (shield currently unavailable)
rNeg    . . .        c - +0 leather armour
rPois   .            v - +0 helmet
rElec   .            (no cloak)
rCorr   .            (no gloves)
SInv    .            e - +0 pair of boots
Will    +....        (no amulet)
Stlth   ++           k - ring of willpower
HPRegen 0.29/turn    (no ring)
MPRegen 0.10/turn

%: no passive effects
@: lethally poisoned (0 -> -5), attractive
A: claws 1, spiny 2, hooves 1, robust 1, teleportitis 1
a: no special abilities


You were in a sewer.
You visited 1 branch of the dungeon, and saw 5 of its levels.
You also visited: Sewer.

You collected 298 gold pieces.

Inventory:

Hand Weapons
 a - a +1 shortbow (weapon)
Armour
 c - a +0 leather armour (worn)
 e - a +0 pair of boots (worn)
 v - a +0 helmet (worn)
Jewellery
 d - a ring of wizardry
 k - a ring of willpower (left claw)
 q - a +4 ring of protection
 s - an amulet of magic regeneration
 u - a ring of wizardry
 w - a +4 ring of protection
Wands
 g - a wand of digging (7)
 t - a wand of roots (6)
Scrolls
 b - a scroll of butterflies
 f - a scroll of fear
 h - a scroll of blinking
 i - 2 scrolls of fog
 j - a scroll of amnesia
 o - 3 scrolls of revelation
 r - 3 scrolls of identify
 x - a scroll of enchant armour {unknown}


   Skills:
 - Level 2.1 Fighting
 + Level 8.3 Ranged Weapons
 - Level 1.9 Dodging
 - Level 1.1 Stealth


You had 6 spell levels left.
You didn't know any spells.
Your spell library contained the following spells:

 Spells                   Type           Power      Damage    Failure   Level
 Static Discharge         Conj/Air       0%         3-3/arc   67%         2
 Airstrike                Air            0%         2d(0-16)  99%         4
 Summon Lightning Spire   Summ/Air       0%         N/A       99%         4


Dungeon Overview and Level Annotations

Branches:
Dungeon (5/15)             Temple (0/1) D:5           Sewer (1/1)

Altars:
Kikubaaqudgha
Uskayaw


Innate Abilities, Weirdness & Mutations

You have sharp fingernails.
You are mostly covered in sharp spines.
You have large cloven feet.
You are robust. (+10% HP)
You are occasionally teleported next to monsters.


Message History

Aim: a kobold brigand, wielding a +0 short sword and quivering poisoned darts (heavily wounded, 61% to hit)
You shoot an arrow. The arrow hits the kobold brigand!
The kobold brigand is severely wounded.
You feel sick.
The kobold brigand throws a poisoned dart.
The poisoned dart misses you.
Fire: a) +1 shortbow
Press: ? - help, Q - select action, (/) - cycle Shift-Dir - straight line, f/p - kobold brigand
Aim: a kobold brigand, wielding a +0 short sword and quivering poisoned darts (severely wounded, 61% to hit)
You shoot an arrow.
The arrow barely misses the kobold brigand.
You feel sick.
The kobold brigand throws a poisoned dart.
The poisoned dart hits you!
You are more poisoned.
Fire: a) +1 shortbow
Press: ? - help, Q - select action, (/) - cycle Shift-Dir - straight line, f/p - kobold brigand
Aim: a kobold brigand, wielding a +0 short sword and quivering poisoned darts (severely wounded, 61% to hit)
You shoot an arrow.
The arrow completely misses the kobold brigand.
* * * LOW HITPOINT WARNING * * *
You feel very sick.
The kobold brigand throws a poisoned dart.
The poisoned dart barely misses you.
It was a potion of mutation.
You feel extremely strange.
You feel weirdly uncertain.
Your feet thicken and deform.
You feel robust.
* * * LOW HITPOINT WARNING * * *
You feel very sick.
It was a potion of attraction.
You feel attractive to monsters.
* * * LOW HITPOINT WARNING * * *
You feel sick.
The kobold brigand is attracted toward you.
It was a potion of degeneration.
There was something very wrong with that liquid.
You feel weakened.
You feel dopey.
You feel clumsy.
* * * LOW HITPOINT WARNING * * *
You feel sick.
The kobold brigand hits you with a +0 short sword.
You die...

#≈≈~# ##~≈~## #.~≈~.#
#.~≈~.### #.~≈~..∩#
#~≈≈~.### #.~≈~.#
##~~≈~~##
################@K~≈§~.#
~~~~~~~~~~~~~~~~~~~≈~..#
################..~≈~~~#
#..~≈~~.# #~~~≈~~.#
#~~≈≈≈)~# #.~≈≈≈~.#
#.~≈≈≈~.# #.~~~~~†#


You could see a kobold brigand.

Vanquished Creatures
  A black bear (D:4)
  An ogre (D:5)
  A kobold brigand (Sewer)
  2 scorpions
  A hound (D:5)
  3 iguanas
  A sleepcap (D:4)
  12 adders
  A river rat (Sewer)
  2 worms (D:5)
  A dart slug (D:3)
  7 orcs
  10 endoplasms
  3 giant cockroaches (D:1)
  5 goblins
  6 hobgoblins
  7 jackals
  6 kobolds
  3 quokkas
  5 ball pythons
  8 bats
  4 frilled lizards
  11 rats
101 creatures vanquished.

Notes
Turn   | Place    | Note
-------+----------+-------------------------------------------
     0 | D:1      | Malachi the Demonspawn Hunter began the quest for the Orb.
     0 | D:1      | Reached XP level 1. HP: 16/16 MP: 1/1
    55 | D:1      | Reached skill level 1 in Stealth
   138 | D:1      | Gained mutation: You are partially covered in sharp spines.
                  | [demonic ancestry]
   138 | D:1      | Reached XP level 2. HP: 22/22 MP: 2/2
   204 | D:1      | Reached skill level 4 in Ranged Weapons
   626 | D:2      | Gained mutation: You have sharp fingernails. [demonic
                  | ancestry]
   626 | D:2      | Reached XP level 3. HP: 27/27 MP: 3/3
  1247 | D:3      | Reached skill level 5 in Ranged Weapons
  1247 | D:3      | Reached XP level 4. HP: 26/33 MP: 4/4
  1571 | D:3      | Reached XP level 5. HP: 36/38 MP: 5/5
  2507 | D:4      | Reached skill level 6 in Ranged Weapons
  2690 | D:4      | Noticed a black bear
  2697 | D:4      | Killed a black bear
  2698 | D:4      | Gained mutation: You are mostly covered in sharp spines.
                  | [demonic ancestry]
  2698 | D:4      | Reached XP level 6. HP: 39/44 MP: 6/6
  3078 | D:4      | Reached skill level 7 in Ranged Weapons
  3304 | D:5      | Entered Level 5 of the Dungeon
  3305 | D:5      | Found an ancient bone altar of Kikubaaqudgha.
  3382 | D:5      | Noticed a +0 dagger
  3383 | D:5      | Noticed a +0 dagger
  3385 | D:5      | Reached XP level 7. HP: 50/50 MP: 7/7
  3389 | D:5      | Found a hide-covered altar of Uskayaw.
  3446 | D:5      | Found a staircase to the Ecumenical Temple.
  3529 | D:5      | Reached skill level 8 in Ranged Weapons
  3565 | D:5      | Found a glowing drain.
  3578 | Sewer    | Entered a sewer
  3668 | Sewer    | Gained mutation: You are occasionally teleported next to
                  | monsters. [potion of mutation]
  3668 | Sewer    | Gained mutation: You have large cloven feet. [potion of
                  | mutation]
  3668 | Sewer    | Gained mutation: You are robust. (+10% HP) [potion of
                  | mutation]
  3670 | Sewer    | Slain by a kobold brigand

Illustrated notes

Levels and vault maps discovered:
D:1:      mainiacjoe_arrival_reflecting_pool, layout_loops_ring
D:2:      layout_basic
D:3:      layout_basic, elyvilon_altar_5, hangedman_feature_mirror,
          minmay_misc_feat_square, grunt_ministairs_11
D:4:      layout_gridville
D:5:      layout_cave_pools, dancing_weapons_uskayaw, kiku_gazebo_pond_becter,
          minmay_temple_entry_mini_moons, gup_sewer_entry_bubbles
Sewer:    sewer_kobolds

Skill      XL: |  1  2  3  4  5  6  7 |
---------------+----------------------+-----
Stealth        | 1 |  1.1
Ranged Weapons | 4 5 6 7 8 |  8.3
Fighting       | |  2.1
Dodging        | |  1.9

Action                     |  1- 3 |  4- 6 |  7- 9 || total
---------------------------+-------+-------+-------++-------
   Fire: Shortbow          |    89 |   162 |    82 ||   333
    Use: Scroll            |       |     7 |       ||     7
         Potion            |       |       |     5 ||     5
 Armour: Leather armour    |    14 |    31 |     9 ||    54
  Dodge: Dodged            |    18 |    34 |    19 ||    71

Table legend: (Time is in decaauts)
 A = Elapsed time spent in this place.
 B = Non-inter-level travel time spent in this place.
 C = Inter-level travel time spent in this place.
 D = Time resting spent in this place.
 E = Time spent auto-exploring this place.
 F = Levels seen in this place.
 G = Mean time per level.
                   A        B        C        D        E       F      G
               +--------+--------+--------+--------+--------+-----+--------+
         Total |   3757 |   3305 |    452 |    461 |   2172 |   6 |  626.2 |
       Dungeon |   3647 |   3195 |    452 |    461 |   2115 |   5 |  729.4 |
         Sewer |    109 |    109 |      0 |      0 |     57 |   1 |  109.0 |
               +--------+--------+--------+--------+--------+-----+--------+

Top non-repeatable levels by time:
     D:3: 1401 daAuts
     D:4: 860 daAuts
     D:1: 605 daAuts
     D:2: 484 daAuts
     D:5: 296 daAuts
   Sewer: 109 daAuts
